Map: 冰雪合金-天梯版

Players

夜蝶蝶蝶蝶蝶蝶蝶 (Firefly) - Winner!

  • Race: Protoss Protoss

Silky

  • Race: Zerg Zerg
  • League: Master

Event: DreamHack SC2 Masters 2020 Summer China

VOD

Have the link to the VOD?

Description

Time

  • Played on: July 2, 2020, 9:33 a.m.
  • Length: 31:29

All games in this series

Show
View Real Time Build Order
Export as new Build Order

夜蝶蝶蝶蝶蝶蝶蝶 Protoss - Winner!

Build Orders: 1 Gate Expand, Oracle Opening, Chargelot Immortal 

Get SALT Encoding   

  12  0:00  Probe  
  13  0:12  Probe  
  14  0:20  Pylon  
  14  0:24  Probe  
  15  0:34  Probe  
  15  0:40  Gateway  
  16  0:42  Probe  
  17  0:50  Assimilator  
  17  0:53  Probe  
  18  1:05  Probe  
  19  1:17  Probe  
  20  1:27  Nexus  
  20  1:38  Cybernetics Core  
  20  1:39  Probe  
  21  1:47  Assimilator  
  21  1:51  Probe  
  22  1:55  Pylon  
  22  2:04  Adept, Probe  
  25  2:16  Probe  
  26  2:25  Stargate  
  26  2:28  Probe  
  27  2:33  Adept  
  27  2:35  Warp Gate  
  27  2:39  Probe  
  27  2:40  Probe  
  31  2:48  Gateway  
  31  2:51  Probe  
  31  2:53  Probe  
  33  3:00  Adept  
  33  3:03  Oracle, Probe  
  33  3:05  Probe  
  40  3:19  Pylon  
  37  3:24  Shield Battery  
  37  3:29  Oracle  
  37  3:30  Probe x2  
  41  3:42  Probe  
  41  3:43  Probe  
  43  3:53  Pylon  
  43  3:54  Probe  
  43  3:55  Probe  
  45  3:57  Gateway  
  45  4:06  Probe  
  46  4:10  Probe  
  46  4:11  Oracle  
  46  4:14  Pylon  
  46  4:15  Probe  
  50  4:18  Probe  
  50  4:22  Assimilator  
  52  4:24  Adept  
  52  4:25  Assimilator  
  52  4:29  Pylon, Probe  
  54  4:34  Probe  
  54  4:35  Adept  
  58  4:41  Probe  
  58  4:45  Adept  
  61  4:46  Probe, Robotics Facility  
  62  4:53  Probe  
  62  4:57  Adept x2  
  62  4:58  Probe  
  68  5:05  Probe  
  67  5:16  Adept  
  67  5:19  Pylon  
  67  5:21  Forge  
  69  5:22  Pylon  
  69  5:26  Pylon  
  69  5:32  Immortal  
  69  5:41  Sentry x2  
  69  5:42  Nexus  
  77  5:45  Pylon  
  77  5:48  Sentry  
  79  5:52  Pylon  
  79  5:58  Protoss Ground Weapons Level 1  
  79  5:59  Probe x2  
  79  6:03  Twilight Council  
  81  6:05  Phoenix  
  81  6:11  Probe  
  84  6:12  Shield Battery  
  84  6:14  Shield Battery  
  84  6:15  Immortal, Probe  
  89  6:26  Probe  
  89  6:27  Probe  
  91  6:34  Sentry  
  91  6:38  Probe  
  91  6:39  Probe  
  95  6:45  Phoenix  
  95  6:49  Charge  
  95  6:50  Gateway, Templar Archives, Probe  
  95  6:51  Probe  
  99  6:57  Photon Cannon  
  99  7:01  Photon Cannon  
  99  7:02  Probe  
  99  7:05  Photon Cannon, Probe  
  101  7:11  Phoenix  
  103  7:17  Shield Battery  
  103  7:21  Probe  
  104  7:25  Shield Battery  
  104  7:26  Probe x2  
  106  7:31  Warp Prism  
  108  7:39  Protoss Ground Weapons Level 2  
  98  7:49  Phoenix  
  96  7:51  Probe  
  96  7:57  Probe  
  94  7:59  Probe  
  94  8:00  Assimilator  
  94  8:01  Psionic Storm  
  94  8:02  Assimilator  
  94  8:03  Probe  
  96  8:08  Immortal  
  96  8:09  Gateway  
  96  8:10  Gateway  
  96  8:12  Gateway  
  100  8:13  Gateway  
  100  8:15  Zealot x2  
  100  8:16  Gateway, High Templar  
  106  8:33  Pylon  
  106  8:36  Pylon  
  106  8:40  Pylon  
  106  8:42  High Templar x2  
  106  8:47  Immortal  
  114  8:56  Nexus  
  114  8:57  High Templar  
  114  8:59  Pylon  
  114  9:02  Gateway x2  
  116  9:04  Pylon  
  116  9:16  High Templar x2, Zealot x3  
  116  9:17  Zealot x2  
  128  9:19  Shield Battery  
  126  9:26  Immortal  
  126  9:29  Archon  
  122  9:34  High Templar  
  122  9:35  Photon Cannon  
  122  9:36  Photon Cannon  
  124  9:38  Photon Cannon  
  124  9:40  Shield Battery  
  124  9:42  High Templar  
  124  9:45  High Templar  
  128  9:47  Zealot x3  
  132  9:58  Zealot x4  
  126  10:09  Zealot x4  
  126  10:13  Immortal, Archon  
  132  10:17  High Templar x2  
  140  10:22  Archon  
  140  10:25  Archon, Zealot x2  
  140  10:26  High Templar x2  
  148  10:34  Zealot  
  148  10:35  Zealot x3  
  138  10:37  Protoss Ground Weapons Level 3, Shield Battery  
  138  10:38  Shield Battery  
  128  10:43  Probe x3  
  128  10:44  Probe  
  132  10:54  High Templar  
  132  10:55  High Templar  
  132  10:56  Probe x2  
  138  10:58  Zealot x2  
  142  11:05  Probe x2  
  142  11:07  Photon Cannon  
  142  11:08  Probe  
  145  11:12  High Templar x2  
  145  11:18  Archon  
  149  11:25  Zealot x6  
  158  11:35  Photon Cannon  
  158  11:38  Photon Cannon  
  158  11:39  Probe x2  
  160  11:42  High Templar x2  
  160  11:43  Immortal  
  166  11:51  Zealot x6  
  170  11:56  High Templar  
  170  11:59  Pylon  
  172  12:01  Pylon  
  172  12:11  Assimilator  
  172  12:12  Assimilator  
  172  12:17  Probe x4  
  172  12:32  High Templar x5  
  172  12:33  Zealot x3  
  172  12:36  Pylon  
  186  12:40  Archon, Pylon x2  
  186  12:48  Nexus  
  186  12:50  Pylon  
  186  12:51  Probe  
  186  12:52  Probe  
  186  12:53  Fleet Beacon  
  186  12:57  Pylon  
  186  13:06  Immortal  
  186  13:11  Blink  
  190  13:13  Pylon, Zealot x5  
  166  13:31  Nexus, High Templar x4  
  166  13:32  Zealot  
  166  13:33  Pylon  
  166  13:35  Warp Prism  
  166  13:37  Archon  
  166  13:38  Archon, Zealot x2  
  166  13:39  Archon, Zealot x3  
  178  13:51  Photon Cannon  
  178  13:52  Photon Cannon  
  178  13:53  Photon Cannon x2  
  174  14:17  Zealot x5  
  174  14:18  Zealot x2  
  174  14:19  Zealot x3  
  166  14:40  High Templar x2  
  166  14:41  Zealot x4  
  166  14:43  Zealot x4  
  126  15:02  Stalker x4  
  134  15:08  High Templar x4  
  134  15:13  Assimilator  
  150  15:16  Assimilator  
  150  15:20  High Templar x2  
  154  15:27  Zealot x4  
  162  15:31  Dark Shrine  
  162  15:42  Stalker x2  
  156  15:55  Zealot  
  156  15:56  Zealot x4  
  164  15:58  Nexus  
  164  16:00  Pylon  
  153  16:05  Archon  
  153  16:10  Carrier  
  153  16:11  High Templar x5  
  151  16:16  Archon  
  151  16:17  Archon  
  165  16:19  Zealot x4  
  167  16:29  High Templar  
  167  16:32  Photon Cannon  
  145  16:33  Photon Cannon  
  145  16:34  Photon Cannon  
  145  16:35  Photon Cannon  
  145  16:37  Photon Cannon  
  132  16:40  High Templar x2  
  132  16:46  High Templar  
  133  16:47  Archon  
  133  16:49  High Templar  
  133  16:52  Stalker  
  136  16:56  Dark Shrine  
  132  17:08  Zealot x5  
  127  17:25  High Templar x2  
  127  17:29  Photon Cannon  
  128  17:30  Photon Cannon  
  128  17:32  Photon Cannon  
  128  17:33  Photon Cannon  
  128  17:35  Gateway  
  128  17:37  Gateway  
  128  17:39  Gateway  
  128  17:40  Photon Cannon  
  128  17:43  Forge  
  125  17:44  High Templar  
  125  17:48  Cybernetics Core  
  119  18:31  Archon x2  
  103  18:39  Robotics Facility  
  103  18:40  Pylon  
  95  18:44  Robotics Facility  
  86  19:08  Zealot x5  
  96  19:12  Robotics Facility  
  49  20:00  Archon  
  49  20:03  Dark Templar x4  
  50  20:11  Cybernetics Core  
  42  20:18  Probe  
  42  20:19  Gateway  
  42  20:20  Gateway  
  43  20:21  Forge  
  43  20:30  Probe  
  44  20:42  Probe  
  41  20:49  Pylon  
  41  20:50  Probe  
  41  20:52  Nexus  
  41  20:54  Probe  
  41  20:55  Dark Templar  
  45  20:57  Cybernetics Core  
  45  21:02  Probe  
  46  21:06  Probe  
  47  21:17  Robotics Facility  
  48  21:18  Probe  
  48  21:30  Probe  
  49  21:36  Stargate  
  49  21:38  Probe  
  49  21:46  Probe  
  50  21:52  Stalker x4  
  59  21:57  Probe  
  60  22:03  Observer  
  60  22:07  Archon  
  59  22:09  Probe  
  59  22:12  Probe  
  60  22:18  Stalker  
  60  22:19  Stalker  
  60  22:21  Probe  
  64  22:30  Assimilator  
  64  22:31  Assimilator  
  64  22:44  Archon  
  64  22:46  Probe x2  
  66  22:58  Observer  
  66  22:59  Observer  
  66  23:03  Stalker  
  66  23:04  Stalker  
  71  23:08  Pylon  
  71  23:14  Probe x2  
  73  23:24  Probe  
  73  23:26  Probe x2  
  76  23:34  Phoenix  
  76  23:44  Observer  
  76  23:46  Probe x2  
  75  23:52  Phoenix  
  77  24:11  Observer  
  77  24:13  Phoenix  
  77  24:14  Probe  
  78  24:21  Stalker x2  
  76  24:48  Zealot x2  
  76  24:49  Zealot x2  
  80  24:54  Pylon  
  73  25:19  Nexus  
  71  25:35  Dark Templar  
  69  25:37  Probe x2  
  71  25:50  Probe  
  71  25:51  Robotics Bay  
  70  26:11  Immortal  
  70  26:13  Probe x2  
  70  26:16  Pylon  
  72  26:21  Observer  
  76  26:49  Zealot x2  
  76  26:50  Zealot x2  
  81  27:02  Archon  
  81  27:07  Pylon  
  81  27:13  Dark Templar x2  
  85  27:19  Shield Battery  
  85  27:23  Probe x2  
  85  27:24  Probe  
  85  27:27  Robotics Facility  
  88  27:30  Robotics Facility  
  86  28:00  Probe x3  
  86  28:04  Immortal  
  89  28:06  Disruptor  
  89  28:08  Pylon  
  89  28:10  Assimilator  
  89  28:14  Nexus  
  89  28:17  Pylon  
  95  28:27  Sentry x2  
  95  28:30  Disruptor  
  95  28:31  Disruptor  
  99  28:42  Shield Battery  
  103  28:58  Disruptor  
  103  29:06  Stalker x2  
  110  29:10  Gateway  
  110  29:11  Gateway  
  110  29:12  Oracle  
  110  29:13  Gateway  
  110  29:16  Forge  
  113  29:19  Probe x3  
  116  29:35  Stalker  
  116  29:36  Stalker  
  108  29:49  Nexus  
  108  30:01  Disruptor  
  111  30:15  Stalker x2  
  111  30:16  Stalker  
  117  30:27  Stalker x2  
  110  30:52  Stalker x3  
Show
View Real Time Build Order
Export as new Build Order

Silky Zerg 

Build Orders: Pool First, Lurkers, Roach Hydra 

Get SALT Encoding   

  12  0:00  Drone  
  13  0:13  Overlord  
  13  0:17  Drone  
  14  0:31  Drone x2  
  16  0:35  Drone  
  17  0:45  Extractor  
  17  0:47  Spawning Pool  
  15  0:50  Drone  
  15  0:56  Drone  
  17  1:07  Drone  
  18  1:17  Hatchery  
  17  1:21  Drone  
  18  1:34  Drone  
  18  1:36  Queen  
  21  1:47  Metabolic Boost  
  21  1:48  Zergling x2  
  21  1:54  Overlord  
  22  2:16  Zergling x4  
  22  2:20  Hatchery  
  23  2:29  Drone x2  
  25  2:39  Zergling x2  
  26  2:45  Zergling x8  
  26  2:49  Queen  
  32  2:55  Overlord  
  32  2:57  Drone  
  33  3:00  Drone  
  33  3:02  Drone  
  35  3:10  Drone  
  35  3:13  Queen  
  36  3:21  Drone  
  36  3:22  Drone x2  
  36  3:23  Drone  
  36  3:25  Drone  
  40  3:30  Overlord  
  40  3:31  Drone  
  41  3:34  Drone  
  41  3:41  Lair  
  41  3:42  Drone  
  41  3:49  Drone x2  
  41  3:50  Queen  
  41  3:55  Spore Crawler  
  44  3:57  Drone x2  
  44  4:00  Spore Crawler  
  44  4:01  Drone  
  46  4:05  Drone x2  
  46  4:09  Spore Crawler  
  47  4:11  Drone x2  
  47  4:13  Drone  
  47  4:15  Drone  
  47  4:16  Drone  
  52  4:17  Drone  
  52  4:18  Drone  
  54  4:26  Roach Warren, Drone  
  54  4:29  Drone x2  
  56  4:33  Zergling x2  
  56  4:34  Zergling x2  
  56  4:36  Extractor  
  56  4:38  Drone x2, Extractor  
  57  4:41  Overlord  
  57  4:43  Overlord  
  57  4:47  Overseer  
  57  4:50  Overlord  
  57  4:53  Zergling x2  
  57  4:54  Overlord  
  57  4:56  Overlord  
  58  5:05  Zergling x8  
  60  5:08  Zergling x10  
  62  5:14  Zergling x4  
  62  5:19  Drone x3  
  67  5:22  Spire  
  67  5:23  Extractor  
  67  5:28  Drone x3  
  68  5:39  Roach x5  
  68  5:41  Drone  
  68  5:42  Drone  
  77  5:51  Drone x4  
  77  5:54  Glial Reconstitution  
  77  5:56  Roach  
  83  5:59  Extractor  
  83  6:00  Drone x2, Extractor  
  83  6:01  Drone  
  84  6:06  Drone x2  
  86  6:13  Drone x2  
  86  6:14  Drone  
  89  6:22  Drone x2  
  89  6:23  Drone, Overlord  
  92  6:30  Hatchery, Overlord  
  91  6:33  Overlord  
  91  6:35  Mutalisk  
  91  6:36  Mutalisk x2  
  97  6:40  Evolution Chamber, Overlord  
  97  6:41  Overlord  
  94  6:48  Drone x3  
  97  6:54  Roach  
  97  6:55  Roach x2  
  97  6:56  Roach  
  97  6:58  Roach  
  97  6:59  Roach  
  110  7:01  Drone  
  110  7:02  Hatchery, Drone  
  110  7:05  Roach  
  112  7:09  Drone  
  112  7:10  Roach  
  112  7:11  Roach  
  112  7:12  Zerg Missile Weapons Level 1  
  117  7:16  Hydralisk Den  
  117  7:18  Ravager x7  
  123  7:25  Roach x4  
  123  7:26  Zergling x2  
  132  7:31  Overlord x2  
  131  7:40  Roach  
  125  7:47  Roach x2  
  125  7:50  Roach  
  125  7:51  Roach x7  
  127  7:56  Grooved Spines  
  127  7:58  Hydralisk x2  
  127  8:03  Drone x5  
  127  8:04  Drone  
  137  8:09  Overlord  
  137  8:10  Overlord  
  137  8:11  Overlord  
  137  8:16  Overlord x2  
  137  8:24  Hydralisk x3  
  143  8:27  Hydralisk x2  
  143  8:30  Hydralisk  
  143  8:32  Overlord  
  143  8:34  Drone x2  
  151  8:37  Hydralisk x2  
  151  8:39  Hydralisk  
  157  8:45  Roach x2  
  157  8:47  Roach  
  157  8:48  Roach  
  165  8:53  Roach x3  
  169  8:57  Roach x3  
  175  9:04  Overseer  
  175  9:06  Overlord x4  
  175  9:07  Muscular Augments  
  175  9:14  Overlord  
  175  9:15  Overlord x3  
  166  9:27  Hydralisk x5  
  166  9:28  Hydralisk  
  170  9:32  Ravager x2  
  170  9:33  Ravager x3  
  170  9:36  Ravager  
  170  9:37  Zergling x2  
  170  9:38  Zergling x8  
  181  9:44  Hydralisk x2  
  181  9:55  Hydralisk  
  181  9:56  Hydralisk  
  181  9:59  Zergling x22  
  187  10:06  Hydralisk  
  172  10:10  Hydralisk x4  
  168  10:15  Roach x3  
  168  10:18  Roach x2  
  168  10:19  Zergling x4  
  175  10:25  Hydralisk x2  
  175  10:27  Zergling x2  
  176  10:33  Roach x3  
  157  10:41  Hydralisk x2  
  147  10:45  Drone x9  
  147  10:46  Extractor  
  147  10:47  Extractor  
  154  10:50  Zerg Missile Weapons Level 2  
  154  10:56  Spore Crawler  
  153  11:01  Infestation Pit  
  153  11:02  Zergling x12  
  158  11:07  Zergling x2  
  158  11:08  Zergling x6  
  162  11:14  Lurker Den  
  162  11:15  Zergling x8  
  165  11:21  Drone x5  
  165  11:25  Overseer  
  167  11:28  Hatchery  
  167  11:29  Drone x2  
  168  11:33  Roach x4  
  168  11:39  Roach x3  
  180  11:46  Drone x2  
  172  11:49  Roach x4  
  172  11:53  Hive  
  179  12:02  Hydralisk x3  
  179  12:06  Drone  
  179  12:07  Drone x3  
  189  12:22  Roach  
  198  12:23  Roach x5  
  196  12:31  Overlord  
  196  12:35  Lurker x3  
  199  12:43  Overlord  
  199  12:58  Spine Crawler  
  198  13:00  Spore Crawler, Spine Crawler  
  198  13:01  Spore Crawler, Spine Crawler  
  194  13:05  Viper  
  194  13:07  Seismic Spines  
  194  13:08  Zerg Missile Weapons Level 3  
  152  13:30  Hydralisk, Lurker x9  
  152  13:31  Hydralisk x3, Lurker  
  152  13:32  Drone x3  
  152  13:34  Zergling x18  
  166  13:36  Hydralisk x2  
  166  13:38  Hydralisk  
  172  13:42  Drone x7  
  179  13:52  Hydralisk, Lurker x2, Extractor  
  179  13:54  Extractor  
  181  13:56  Spine Crawler  
  181  13:57  Spine Crawler  
  181  13:58  Spine Crawler x3  
  181  13:59  Hydralisk x3  
  179  14:04  Adaptive Talons  
  179  14:09  Hydralisk x4  
  187  14:22  Viper  
  190  14:27  Hydralisk x5  
  188  14:32  Hydralisk x2  
  188  14:34  Roach  
  188  14:37  Roach x3  
  179  14:39  Roach  
  179  14:42  Roach x2  
  179  14:44  Roach  
  182  14:51  Roach  
  177  14:56  Roach x2  
  177  14:59  Roach  
  167  15:00  Roach x4  
  167  15:05  Roach  
  167  15:06  Roach  
  171  15:17  Lurker x2  
  173  15:22  Drone x3  
  173  15:26  Spore Crawler  
  173  15:27  Lurker  
  173  15:28  Lurker x2  
  178  15:30  Drone x3  
  178  15:32  Spine Crawler  
  178  15:33  Spore Crawler  
  178  15:35  Hydralisk  
  180  15:40  Lair  
  180  15:56  Roach x6  
  180  16:06  Roach x3  
  184  16:27  Roach x6  
  190  16:33  Roach  
  167  16:45  Roach x2  
  158  16:52  Roach  
  152  17:02  Roach x2  
  152  17:04  Roach  
  150  17:11  Roach x2  
  154  17:17  Roach x2  
  154  17:32  Spawning Pool  
  149  17:48  Hatchery  
  136  18:19  Hatchery  
  106  19:11  Spawning Pool  
  77  19:48  Drone  
  63  20:05  Drone  
  63  20:06  Roach Warren, Drone x2  
  56  20:24  Spore Crawler  
  56  20:26  Spore Crawler x3  
  56  20:27  Spore Crawler  
  51  20:41  Lair, Extractor x2  
  51  20:42  Drone x3  
  52  21:01  Roach, Spore Crawler  
  47  21:12  Hatchery  
  47  21:15  Drone  
  48  21:22  Drone  
  49  21:36  Hatchery  
  48  21:41  Drone, Queen, Spire  
  48  21:42  Drone  
  51  21:48  Drone  
  52  22:14  Overlord  
  53  22:15  Drone  
  53  22:17  Queen  
  51  22:53  Mutalisk x7  
  62  23:09  Roach x2  
  63  23:21  Roach x3  
  69  23:33  Roach x2  
  73  23:47  Corruptor x2  
  69  23:56  Zergling x6  
  72  24:13  Roach  
  72  24:20  Corruptor  
  74  24:31  Corruptor  
  74  24:33  Queen, Zergling x4  
  78  24:40  Roach  
  63  24:52  Corruptor  
  63  24:53  Zergling x2  
  63  24:54  Zergling x2  
  67  25:09  Zergling x4  
  69  25:18  Roach  
  71  25:25  Hatchery  
  67  25:31  Corruptor  
  67  25:35  Corruptor  
  70  25:51  Roach x3  
  76  26:12  Roach x4  
  84  26:24  Drone  
  85  26:29  Overseer  
  85  26:32  Corruptor  
  85  26:37  Drone x2  
  88  26:51  Roach x3  
  94  27:06  Roach x3  
  100  27:19  Overseer  
  100  27:20  Overseer  
  100  27:27  Overlord x2  
  100  27:43  Overlord  
  96  28:01  Roach  
  96  28:02  Roach  
  96  28:03  Overseer, Roach  
  102  28:06  Drone x5  
  107  28:21  Overlord x2  
  107  28:39  Overlord  
  107  28:44  Roach x4  
  115  29:03  Zergling x16  
  115  29:05  Zergling x2  
  124  29:23  Pneumatized Carapace  
  124  29:27  Overseer x2  
  114  29:47  Overseer  
  114  29:49  Overlord x2  
  91  30:05  Drone x2  
  93  30:10  Zergling x8  
  93  30:11  Baneling Nest  
  96  30:15  Hatchery  
  96  30:20  Zergling x4  
  97  30:30  Zergling x4  
  94  30:40  Roach x2  
  50  30:59  Mutalisk x5  
  50  31:00  Zergling x4  
Tags
 
Add a new tag
Caveats
  • Supply blocks, unpowered buildings, or Contaminate may cause inaccurate times.
  • Supply counts are checked every 10 seconds.